 Dungeon Crawl Stone Soup version 0.30-a0-748-ge6a52f7cba (webtiles) character file.

Game seed: 12979890192297527772

17 karrick the Covered (level 2, 0/19 HPs)
             Began as a Gargoyle Fighter on Feb 8, 2023.
             Killed from afar by Natasha (6 damage)
             ... with a magic dart
             ... on level 2 of the Dungeon on Feb 9, 2023.
             The game lasted 00:01:07 (649 turns).

karrick the Covered (Gargoyle Fighter)               Turns: 649, Time: 00:01:08

Health: 0/19       AC:  9    Str: 19    XL:     2   Next: 62%
Magic:  2/2        EV:  9    Int:  8    God:
Gold:   0          SH:  4    Dex:  9    Spells: 1/1 levels left

rFire   . . .      SeeInvis .    a - +0 war axe
rCold   . . .      Faith    .    c - +0 buckler
rNeg    + . .      Spirit   .    b - +0 scale mail
rPois   ∞          Reflect  .    (no helmet)
rElec   +          Harm     .    (no cloak)
rCorr   .          Rampage  .    (no gloves)
Will    .....                    (no boots) Stlth
                                 (no amulet)
HPRegen 0.23/turn                (no ring)
MPRegen 0.08/turn                (no ring)

@: no status effects
A: sickness immunity, AC +2, negative energy resistance 1, electricity
resistance, torment resistance 1, petrification resistance
a: no special abilities


You were on level 2 of the Dungeon.
You visited 1 branch of the dungeon, and saw 2 of its levels.

Inventory:

Hand Weapons
 a - a +0 war axe (weapon)
Armour
 b - a +0 scale mail (worn)
 c - a +0 buckler (worn)
Scrolls
 f - a scroll of silence {unknown}
 g - a scroll of fog {unknown}
Potions
 d - a potion of might
 e - a potion of brilliance {unknown}
 h - a potion of haste {unknown}
 i - a potion of flight {unknown}


   Skills:
 + Level 3.5 Fighting
 + Level 2.0 Axes
 + Level 3.6 Armour
 + Level 3.5 Shields


You had one spell level left.
You didn't know any spells.
Your spell library contained the following spells:

 Spells                   Type           Power      Damage    Failure   Level
 Wereblood                Tmut           0%         N/A       94%         2
 Summon Hydra             Summ           0%         N/A       100%        7
 Sublimation of Blood     Necr           Unusable   N/A       N/A         2

Dungeon Overview and Level Annotations

Branches:
Dungeon (2/15)

Altars:

Annotations:
D:2 Natasha


Innate Abilities, Weirdness & Mutations

You are immune to sickness and miasma.
Your stone body is resilient. (AC +2)
You are immune to poison.
You resist negative energy. (rN+)
You are resistant to electric shocks. (rElec)
You are resistant to unholy torment.
You are immune to petrification.


Message History

You block the jackal's attack. The jackal closely misses you.
You hit the jackal.
The jackal is almost dead.
You closely miss the jackal. The jackal closely misses you.
You block the jackal's attack.
The jackal bites you but does no damage.
You block the jackal's attack. The jackal barely misses you.
You slash the jackal!
You kill the jackal!
You barely miss the jackal. The jackal bites you.
The jackal bites you but does no damage.
You hit the jackal.
The jackal is severely wounded.
The jackal bites you. The jackal closely misses you.
You barely miss the jackal.
The jackal is severely wounded.
The jackal closely misses you. You block the jackal's attack.
You barely miss the jackal.
The jackal is severely wounded.
The jackal bites you.
The jackal bites you but does no damage.
You slash the jackal!
You kill the jackal!
Your Axes skill increases to level 2!
No target in view!
No target in view!
Natasha, Servant of Life and Death comes into view.
Natasha is nearby!
Natasha is nearby!
Natasha is nearby!
Natasha hisses angrily.
You see here a jackal corpse.
Natasha barely misses you.
You closely miss Natasha. Natasha claws you!
You closely miss Natasha. Natasha casts a spell at you.
The magic dart hits you! Natasha casts a spell at you. The magic dart hits you.
You die...

#.....#
#.....#
#.....#
#####.....####
.............
#........# ..#
#........#
###.# #††.@h.#
...# #.####.#
##.###.### #
#........##
#..#.#....#
#..#.#......#
#.............
#.####.....###
#.<.......##


You could see Natasha.

Vanquished Creatures
  An endoplasm (D:1)
  2 giant cockroaches
  2 hobgoblins (D:1)
  3 jackals (D:2)
  4 kobolds (D:1)
  A goblin (D:1)
  A rat (D:1)
14 creatures vanquished.

Notes
Turn   | Place    | Note
-------+----------+-------------------------------------------
     0 | D:1      | karrick the Gargoyle Fighter began the quest for the Orb.
     0 | D:1      | Reached XP level 1. HP: 14/14 MP: 1/1
   105 | D:1      | Reached XP level 2. HP: 19/19 MP: 2/2
   117 | D:1      | Upgraded the game from 0.30-a0-743-gbfdf073431 to
                  | 0.30-a0-748-ge6a52f7cba
   563 | D:2      | Found a faded altar of an unknown god.
   644 | D:2      | Noticed Natasha
   649 | D:2      | Killed from afar by Natasha

Illustrated notes

Levels and vault maps discovered:
D:1:      minmay_arrival_arboretum_large, layout_loops_ring,
          minmay_misc_feat_enclosed, grunt_decor_cap, minmay_misc_feat_chi
D:2:      layout_loops_cross, nicolae_ecumenical_oubliette, serial_shops, shop,
          kennysheep_generic_room_9, uniq_natasha

Skill      XL: |  1  2 |
---------------+-------+-----
Axes           | 2 |  2.0
Fighting       | |  3.5
Armour         | |  3.6
Shields        | |  3.5

Action                     || total
---------------------------++-------
  Melee: War axe           ||    34
 Armour: Scale mail        ||    17
  Dodge: Dodged            ||    21
  Block: Buckler           ||    12

Table legend: (Time is in decaauts)
 A = Elapsed time spent in this place.
 B = Non-inter-level travel time spent in this place.
 C = Inter-level travel time spent in this place.
 D = Time resting spent in this place.
 E = Time spent auto-exploring this place.
 F = Levels seen in this place.
 G = Mean time per level.
                   A        B        C        D        E       F      G
               +--------+--------+--------+--------+--------+-----+--------+
         Total |    664 |    608 |     56 |      0 |    503 |   2 |  332.0 |
       Dungeon |    664 |    608 |     56 |      0 |    503 |   2 |  332.0 |
               +--------+--------+--------+--------+--------+-----+--------+

Top non-repeatable levels by time:
     D:1: 594 daAuts
     D:2: 69 daAuts
